 Dungeon Crawl Stone Soup version 0.24-a0-251-g44e327ef01 (webtiles) character file.

Game seed: 13704082123165321115

65 Redear the Ducker (level 3, 0/16 HPs)
             Began as a Felid Transmuter on Apr 16, 2019.
             Slain by Sigmund
             ... wielding a +0 scythe
              (6 damage)
             ... on level 2 of the Dungeon.
             The game lasted 00:02:45 (2575 turns).

Redear the Ducker (Felid Transmuter)                Turns: 2575, Time: 00:02:46

Health: 0/16       AC:  1    Str: 10 (12) XL:     3   Next: 92%
Magic:  7/7        EV: 19    Int: 11 (14) God:
Gold:   121        SH:  0    Dex: 15 (16) Spells: 5/6 levels left
                                        Lives:  0   Deaths: 1

rFire    . . .     SeeInvis +     - Unarmed
rCold    . . .     Gourm    .   (shield unavailable)
rNeg     . . .     Faith    .   (armour unavailable)
rPois    .         Spirit   .   (helmet unavailable)
rElec    .         Reflect  .   (cloak unavailable)
rCorr    .         Harm     .   (gloves unavailable)
MR       .....                  (boots unavailable)
Stlth    +++.......             (no amulet)
HPRegen  0.05/turn              (no ring)
MPRegen  0.10/turn              (no ring)

@: mighty, appendage, quick
A: very small, no armour, no weapons or thrown items, stealth, claws 1, fangs 3,
horns 2, see invisible, carnivore, speed 1, shaggy fur 1, slow metabolism 1,
sharp paws
a: End Transformation


You were on level 2 of the Dungeon.
You were not hungry.
You had grown temporary horns.
You visited 1 branch of the dungeon, and saw 3 of its levels.

You collected 121 gold pieces.

Inventory:

Missiles
 a - 12 arrows
Scrolls
 c - a scroll of fear {unknown}
 d - 5 scrolls of remove curse {unknown}
 f - 4 scrolls of identify {unknown}
 i - a scroll of immolation {unknown}
 k - a scroll of enchant armour {unknown}
Potions
 e - a potion of curing {unknown}
 g - a potion of degeneration {!q}
 h - a potion of magic {unknown}
 j - a potion of flight {unknown}
Comestibles
 z - 7 rations


   Skills:
 + Level 2.3 Fighting
 + Level 3.9 Dodging
 + Level 3.0 Stealth
 + Level 3.7 Unarmed Combat
 - Level 2.0 Spellcasting
 - Level 2.1 Transmutations


You had 5 spell levels left.
You knew the following spells:

 Your Spells              Type           Power        Failure   Level  Hunger
z - Beastly Appendage     Tmut           #.....       12%         1    ##.....

Your spell library contained the following spells:

 Spells                   Type           Power        Failure   Level  Hunger
 Sticks to Snakes         Tmut           #.......     19%         2    ###....
 Spider Form              Tmut/Pois      #.........   50%         3    ####...
 Ice Form                 Ice/Tmut       #.......     88%         4    #####..
 Blade Hands              Tmut           #.........   97%         5    ######.


Dungeon Overview and Level Annotations

Branches:
Dungeon (3/15)

Altars:

Annotations:
D:2 Sigmund


Innate Abilities, Weirdness & Mutations

You cannot wear armour.
You are incapable of wielding weapons or throwing items.
Your paws allow you to move quietly. (Stealth)
You have sharp claws.
You have razor-sharp teeth.
You have supernaturally acute eyesight. (SInv)
You are carnivorous and can eat meat at any time.
You cover ground quickly.
You are covered in fur. (AC +1)
You have a slow metabolism.
Your sharp claws are effective at attacking unaware monsters.
You have a pair of horns on your head.


Message History

Sigmund whispers, "You'll know eternity soon."
Sigmund hits you with a +0 scythe.
You take 4 damage, and have 6/16 hp.
MASSIVE DAMAGE!!
You scratch Sigmund but do no damage.
Sigmund is moderately wounded.
It was a potion of degeneration.
There was something very wrong with that liquid.
You feel weakened.
You feel dopey.
You feel clumsy. Sigmund barely misses you.
You scratch Sigmund.
Sigmund is heavily wounded.
Sigmund closely misses you.
MP restored: 7 It was a potion of might.
You feel very mighty all of a sudden.
Okay, then.
You barely miss Sigmund. Your headbutt misses Sigmund.
Sigmund is heavily wounded.
Sigmund hits you with a +0 scythe.
You die...

##### ### #...# ####
#.## #...# #... #..
#...####...
#@#.####..........
#@#........#####.#
#.#####....# #..># ..
#.# #......# #†###
...###.###......###.#
#..<....##.≈.≈..##..#
##.........≈.≈..#..##
######....≈......##
### ##.##≈......# #.#
####..........## ##


You could see Sigmund (invisible).

Vanquished Creatures
  Natasha (D:2)
  3 adders (D:2)
  2 oozes
  A worm (D:2)
  4 dart slugs (D:1)
  2 leopard geckos (D:1)
  A ball python (D:2)
  2 giant cockroaches (D:1)
  3 goblins
  5 hobgoblins
  2 jackals (D:2)
  A quokka (D:2)
  4 bats
  5 frilled lizards
  2 kobolds (D:1)
  2 rats (D:1)
40 creatures vanquished.

Notes
Turn   | Place    | Note
-------+----------+-------------------------------------------
     0 | D:1      | Redear the Felid Transmuter began the quest for the Orb.
     0 | D:1      | Reached XP level 1. HP: 9/9 MP: 4/4
   312 | D:1      | Reached skill level 3 in Dodging
   312 | D:1      | Reached skill level 1 in Stealth
   525 | D:1      | Reached XP level 2. HP: 3/12 MP: 6/6
  1301 | D:1      | Reached XP level 3. HP: 15/15 MP: 7/7
  1654 | D:2      | Reached skill level 2 in Stealth
  1958 | D:2      | Reached skill level 2 in Fighting
  1962 | D:2      | Noticed Natasha
  1971 | D:2      | Reached XP level 4. HP: 10/19 MP: 6/8
  2406 | D:2      | Killed from afar by Natasha
  2407 | D:2      | Reached XP level 3. HP: -4/16 MP: 7/7
  2417 | D:2      | Killed Natasha
  2499 | D:2      | Reached skill level 3 in Stealth
  2563 | D:2      | Noticed Sigmund
  2575 | D:2      | Slain by Sigmund

Levels and vault maps discovered:
D:1:      wander_arrival_peaceful_grave, layout_loops_ring
D:2:      layout_rooms, first_ration, chequers_serial_rivers_micro_c,
          uniq_sigmund, uniq_natasha
D:3:      layout_loops_ring, overflow_temple_1_default

Skill      XL: |  1  2  3 |
---------------+----------+-----
Dodging        | 3 |  3.9
Stealth        | 1 3 |  3.0
Fighting       | 2 |  2.3
Unarmed Combat | |  3.7
Spellcasting   | |  2.0
Transmutations | |  2.1

Action                   |  1- 3 |  4- 6 || total
-------------------------+-------+-------++-------
Melee: Unarmed           |   107 |    13 ||   120
       Bite              |     8 |     1 ||     9
       Headbutt          |     4 |     1 ||     5
       Punch             |     2 |       ||     2
 Cast: Beastly Appendage |     3 |     1 ||     4
  Use: Potion            |     2 |       ||     2
 Stab: Sleeping          |     8 |       ||     8
       Distracted        |       |     1 ||     1
  Eat: Chunk             |     3 |       ||     3
Armor: Skin              |     5 |     1 ||     6
Dodge: Dodged            |    77 |     6 ||    83

Table legend:
 A = Non-vault XP
 B = Vault XP
 C = Vault XP percentage of total XP
 D = Non-vault monster count
 E = Vault monster count
 F = Vault count percentage of total count
                 A         B        C        D         E       F
            +---------+---------+-------+---------+---------+-------
      Total |     123 |      36 |  22.6 |      39 |       1 |   2.5
            +---------+---------+-------+---------+---------+-------
        D:1 |      52 |       0 |   0.0 |      23 |       0 |   0.0
        D:2 |      71 |      36 |  33.6 |      16 |       1 |   5.9
            +---------+---------+-------+---------+---------+-------
